AoeStats
← Frank_alv10

Arabia

510684975Analyzed
2v2 RM · 11h ago on Oct 2, 2026· 70m 6s· 4 players
Game mode
Random Map
Map size
Medium (4 player)
Population
200
Speed
Normal
Resources
Standard
Victory
Conquest
Starting age
Dark Age
Ending age
Imperial Age
RankedLock teamsTeams togetherTeam positionsShared explorationLock speedFull tech treeHidden civsTurbo modeCheats
Victory
Defeat
🇨🇳 Spanish · China
1100
+15
1098
+15
🇪🇨 Slavs · Ecuador
1086
-15
🇪🇨 Vikings · Ecuador
1085
-15
Frank_alv10
6:42 Loom
9:32 Feudal Age
9:57 Double-Bit Axe
12:16 Fletching
15:12 Padded Archer Armor
27:13 Castle Age
25:00 Town Watch
25:57 Horse Collar
26:09 Gold Mining
26:09 Stone Mining
27:22 Crossbowman
27:58 Bodkin Arrow
28:18 Leather Archer Armor
30:12 Bow Saw
30:03 Heavy Plow
30:40 Gold Shaft Mining
30:51 Ballistics
31:41 Forging
31:31 Scale Mail Armor
38:56 Imperial Age
37:07 Squires
36:52 Arson
37:46 Iron Casting
37:26 Chain Mail Armor
40:01 Bogsveigar
39:43 Arbalester
40:48 Bracer
41:32 Conscription
42:30 Chemistry
42:38 Ring Archer Armor
44:03 Siege Engineers
43:55 Murder Holes
44:11 Masonry
50:23 Elite Berserk
51:06 Chieftains
51:42 Hoardings
52:47 Elite Skirmisher
56:41 Architecture
63:25 Block Printing
63:30 Fervor
M!(ke
7:46 Loom
10:00 Feudal Age
12:32 Horse Collar
15:16 Forging
21:14 Castle Age
19:51 Gold Mining
21:30 Scale Barding Armor
21:55 Bloodlines
24:26 Chain Barding Armor
24:40 Town Watch
29:14 Iron Casting
30:00 Husbandry
36:42 Padded Archer Armor
36:32 Fletching
37:24 Elite Skirmisher
41:01 Leather Archer Armor
53:53 Bodkin Arrow
57:11 Wheelbarrow
60:24 Hand Cart
我才是最强白龙
5:49 Loom
11:11 Feudal Age
11:55 Double-Bit Axe
11:55 Horse Collar
17:17 Fletching
21:31 Castle Age
19:58 Padded Archer Armor
22:14 Bodkin Arrow
22:27 Thumb Ring
22:40 Heavy Plow
23:43 Bow Saw
23:53 Crossbowman
26:06 Wheelbarrow
26:59 Gold Mining
27:51 Pikeman
34:37 Hand Cart
34:16 Stone Mining
38:37 Imperial Age
36:38 Ballistics
38:45 Elite Battle Elephant
39:28 Husbandry
39:42 Bloodlines
39:46 Forging
41:09 Two-Man Saw
41:03 Scale Barding Armor
41:33 Chatras
41:39 Chatras
41:20 Arbalester
42:25 Leather Archer Armor
43:22 Bracer
48:02 Crop Rotation
49:07 Iron Casting
48:52 Chain Barding Armor
51:38 Plate Barding Armor
51:34 Ring Archer Armor
53:19 Stone Shaft Mining
58:19 Chemistry
57:25 Siege Engineers
59:55 Paper Money
60:10 Devotion
63:20 Light Cavalry
65:02 Faith
69:35 Spies/Treason
ming
11:50 Feudal Age
16:13 Castle Age
22:43 Loom
34:02 Husbandry
39:06 Double-Bit Axe
40:32 Gold Mining
47:23 Imperial Age
46:07 Bow Saw
47:33 Onager
52:31 Chemistry
54:45 Two-Man Saw
54:57 Bloodlines
54:08 Light Cavalry
55:57 Hussar
56:41 Horse Collar
57:45 Wheelbarrow
57:24 Forging
57:19 Scale Barding Armor
58:44 Iron Casting
59:45 Conscription
59:06 Cavalier
63:22 Blast Furnace
65:43 Hand Cart
66:30 Chain Barding Armor
67:37 Spies/Treason
Connection lost

Rejoining the realm…

Still unreachable

The connection could not be restored.

Session expired

The server has moved on; the page needs a fresh start.